 Dungeon Crawl Stone Soup version 0.30-a0-728-gc68057be0a (webtiles) character file.

Game seed: 6150160195020961698

51 BigDaddyOpFi the Trooper (level 3, -4/26 HPs)
             Began as an Octopode Fighter on Jan 31, 2023.
             Slain by a goblin
             ... wielding a +0 dagger
             ... led by Robin
              (6 damage)
             ... on level 2 of the Dungeon.
             The game lasted 00:01:07 (1176 turns).

BigDaddyOpFi the Trooper (Octopode Fighter)         Turns: 1176, Time: 00:01:08

Health: -4/26      AC:  1    Str: 17    XL:     3   Next: 83%
Magic:  3/3        EV: 13    Int: 10    God:
Gold:   94         SH:  4    Dex: 11    Spells: 2/2 levels left

rFire   . . .      SeeInvis .    a - +0 war axe
rCold   . . .      Faith    .    b - +0 buckler
rNeg    + . .      Spirit   .    (helmet restricted)
rPois   .          Reflect  .    d - amulet of the acrobat
rElec   .          Harm     .    m - ring of positive energy
rCorr   .          Rampage  .    (no ring)
Will    .....                    (no ring)
Stlth   ++                       (no ring)
HPRegen 0.24/turn                (no ring)
MPRegen 0.08/turn                (no ring)
                                 (no ring)
                                 (no ring)

@: no status effects
A: almost no armour, amphibious, 8 rings, camouflage 1, gelatinous body 1,
(nimble swimmer 1), tentacles
a: no special abilities


You were on level 2 of the Dungeon.
You visited 1 branch of the dungeon, and saw 2 of its levels.

You collected 94 gold pieces.

Inventory:

Hand Weapons
 a - a +0 war axe (weapon)
Armour
 b - a +0 buckler (worn)
Jewellery
 d - an amulet of the acrobat (around mantle)
 m - a ring of positive energy (left tentacle)
Scrolls
 h - a scroll of teleportation {unknown}
 i - 3 scrolls of identify {unknown}
 j - a scroll of blinking {unknown}
 k - a scroll of enchant weapon {unknown}
Potions
 e - a potion of degeneration {unknown}
 f - a potion of berserk rage {unknown}
 g - a potion of heal wounds {unknown}
 l - a potion of invisibility {unknown}


   Skills:
 + Level 3.4 Fighting
 + Level 2.6 Axes
 + Level 3.4 Dodging
 + Level 3.4 Shields


You had 2 spell levels left.
You didn't know any spells.
Your spell library contained the following spells:

 Spells                   Type           Power      Damage    Failure   Level
 Summon Small Mammal      Summ           0%         N/A       45%         1
 Ensorcelled Hibernation  Hex/Ice        0%         N/A       58%         2
 Passwall                 Tmut/Erth      0%         N/A       58%         2
 Call Canine Familiar     Summ           0%         N/A       83%         3
 Gell's Gravitas          Tloc           0%         N/A       83%         3
 Summon Guardian Golem    Hex/Summ       0%         N/A       83%         3
 Swiftness                Air            0%         N/A       83%         3
 Teleport Other           Tloc           0%         N/A       83%         3
 Dispersal                Tloc           0%         N/A       100%        6


Dungeon Overview and Level Annotations

Branches:
Dungeon (2/15)

Altars:

Annotations:
D:2 Robin


Innate Abilities, Weirdness & Mutations

You cannot wear most types of armour.
You are amphibious.
You can wear up to eight rings at the same time.
Your skin changes colour to match your surroundings (Stealth+).
Your rubbery body absorbs attacks. (AC +1, EV +1)
((You are camouflaged when in or above water. (Stealth+)))
You have tentacles for arms and can constrict up to eight enemies at once.


Message History

You hit the goblin. You grab the goblin. You squeeze the goblin.
You kill the goblin!
You hit the goblin but do no damage. You barely miss the goblin.
You hit the hobgoblin. You barely miss the goblin.
Robin throws the goblin at you! You block the hobgoblin's attack.
The goblin barely misses you. The goblin closely misses you.
The goblin barely misses you. You block the goblin's attack.
You hit the hobgoblin.
You kill the hobgoblin!
You hit the goblin.
You kill the goblin!
You closely miss the goblin. You hit the goblin.
You kill the goblin!
You closely miss the goblin.
Robin roars a battlecry!
The goblin hits you with a +0 club!
A goblin comes into view. It is wielding a +0 dagger.
You block the goblin's attack.
Robin says, "A pitiful Octopus like you will never find the ORB!"
The goblin hits you with a +0 club.
* * * LOW HITPOINT WARNING * * *
The goblin barely misses you.
You are too injured to fight recklessly!
You are too injured to fight recklessly!
You are too injured to fight recklessly!
You are too injured to fight recklessly!
You are too injured to fight recklessly!
You are too injured to fight recklessly!
You are too injured to fight recklessly!
You are too injured to fight recklessly!
You are too injured to fight recklessly!
You are too injured to fight recklessly!
You are too injured to fight recklessly!
You are too injured to fight recklessly!
The air fills with toxic fumes!
As you read the scroll labelled KOEBEF ETHROK, it crumbles to dust.
It was a scroll of poison.
The goblin hits you with a +0 club.
* * * LOW HITPOINT WARNING * * *
The goblin hits you with a +0 dagger.
You die...

#.# #§ #§# ######..
.##§#####§# ###.......
.§§§§ .§§# #.....##..
####§§§##§§####.#.#.##..
§g§§§§§§#§.§§...........
#§§§§§§§#§####.#.#.###.
#§g§§§g§§§§§§§^........
#§§§§§@g§§§§§§...######
##§§§§§#§§§#######
##§§§###### ####


You could see Robin and 3 goblins.

Vanquished Creatures
  An adder (D:2)
  A worm (D:2)
  2 bats (D:2)
  2 endoplasms (D:1)
  2 giant cockroaches
  8 goblins
  4 hobgoblins
  2 jackals (D:1)
  4 quokkas
  2 ball pythons (D:1)
  3 frilled lizards (D:1)
  A kobold (D:1)
  3 rats
35 creatures vanquished.

Notes
Turn   | Place    | Note
-------+----------+-------------------------------------------
     0 | D:1      | BigDaddyOpFi the Octopode Fighter began the quest for the
                  | Orb.
     0 | D:1      | Reached XP level 1. HP: 16/16 MP: 1/1
    63 | D:1      | You fall into a shaft and drop 1 floor!
   178 | D:2      | Reached XP level 2. HP: 2/21 MP: 2/2
   425 | D:1      | Reached XP level 3. HP: 24/26 MP: 3/3
  1171 | D:2      | Noticed Robin
  1176 | D:2      | Slain by a goblin

Illustrated notes

Levels and vault maps discovered:
D:1:      dpeg_arrival_central, layout_basic
D:2:      layout_loops_ring, columned_hall_lemuel, uniq_robin

Action                     || total
---------------------------++-------
  Melee: War axe           ||    73
         Constrict         ||    18
         Tentacles         ||    10
    Use: Potion            ||     2
         Scroll            ||     1
 Armour: Skin              ||     5
  Dodge: Dodged            ||    66
  Block: Buckler           ||    22

Table legend: (Time is in decaauts)
 A = Elapsed time spent in this place.
 B = Non-inter-level travel time spent in this place.
 C = Inter-level travel time spent in this place.
 D = Time resting spent in this place.
 E = Time spent auto-exploring this place.
 F = Levels seen in this place.
 G = Mean time per level.
                   A        B        C        D        E       F      G
               +--------+--------+--------+--------+--------+-----+--------+
         Total |   1207 |   1136 |     71 |     42 |    867 |   2 |  603.5 |
       Dungeon |   1207 |   1136 |     71 |     42 |    867 |   2 |  603.5 |
               +--------+--------+--------+--------+--------+-----+--------+

Top non-repeatable levels by time:
     D:1: 776 daAuts
     D:2: 430 daAuts
